[ AOE2 MATCH · #506507222 ]
UnrankedMapuche vs Britons
Player's team · LOSS
Rival team · WIN
[ REPLAY ANALYSIS · EXTRACTED FROM THE RECORDED GAME ]
Feudal
8:01
Castle
—
Imperial
—
| APM avg | 46.1 |
| APM peak | 70 |
| eAPM avg | 19.3 |
| Villagers / military | 43 / 3 |
Focus
⚔️ 25.8% · 🌾 74.2%
Spearman ×3 · Unknown (2550) ×3
Feudal
9:41
Castle
13:36
Imperial
—
| APM avg | 26.6 |
| APM peak | 76 |
| eAPM avg | 14.8 |
| Villagers / military | 33 / 6 |
Focus
⚔️ 12.2% · 🌾 87.8%
Scorpion ×4 · Mangonel ×2
Match map
Initial resources + every placement click. Lines = walls · curves = elevation contours. ◆ gold · ⬟ stone · ● berries · ✦ relic · ◌ wall gap
Your base· ✓ Closed at 16:38 · 0t walls · 2 gate(s)
anmolmaly's base· ✓ Closed at 13:36 · 1t walls · 2 gate(s)
Smoothed initial terrain · ◌ = detected wall gap · hover for details
Inputs per minute
— MztK | FeNiX - - anmolmaly
Build order — MztK | FeNiX
79 actions detected in the replay
| 0:00 | Queue | Villager (Male) |
| 0:02 | Build | House |
| 0:04 | Build | House |
| 0:23 | Queue | Villager (Male) |
| 0:23 | Queue | Villager (Male) |
| 0:24 | Queue | Villager (Male) |
| 0:24 | Queue | Villager (Male) |
| 0:24 | Queue | Villager (Male) |
| 1:13 | Build | Settlement |
| 1:39 | Queue | Villager (Male) |
| 1:39 | Queue | Villager (Male) |
| 2:00 | Queue | Villager (Male) |
| 2:00 | Queue | Villager (Male) |
| 2:20 | Queue | Villager (Male) |
| 2:20 | Queue | Villager (Male) |
| 2:35 | Queue | Villager (Male) |
| 3:16 | Queue | Villager (Male) |
| 3:16 | Queue | Villager (Male) |
| 3:17 | Queue | Villager (Male) |
| 3:33 | Queue | Villager (Male) |
| 3:33 | Queue | Villager (Male) |
| 4:12 | Queue | Villager (Male) |
| 4:12 | Queue | Villager (Male) |
| 4:12 | Queue | Villager (Male) |
| 4:31 | Queue | Villager (Male) |
| 5:18 | Research | Loom |
| 5:18 | Research | Loom |
| 5:48 | Research | Feudal Age |
| 5:48 | Research | Feudal Age |
| 7:22 | Queue | Villager (Male) |
| 7:22 | Queue | Villager (Male) |
| 7:22 | Queue | Villager (Male) |
| 7:53 | Build | Settlement |
| 7:56 | Build | Settlement |
| 8:01 | Age | Feudal Age |
| 8:15 | Queue | Villager (Male) |
| 8:19 | Build | Watch Tower |
| 9:15 | Queue | Villager (Male) |
| 9:15 | Queue | Villager (Male) |
| 9:33 | Queue | Villager (Male) |
| 9:33 | Queue | Villager (Male) |
| 10:13 | Build | House |
| 10:41 | Build | Outpost |
| 10:55 | Build | Watch Tower |
| 11:00 | Queue | Villager (Male) |
| 11:02 | Queue | Villager (Male) |
| 11:02 | Queue | Villager (Male) |
| 11:20 | Build | Settlement |
| 11:30 | Queue | Villager (Male) |
| 11:52 | Build | House |
| 12:03 | Queue | Spearman |
| 12:04 | Queue | Spearman |
| 12:04 | Queue | Spearman |
| 12:22 | Queue | Villager (Male) |
| 12:22 | Queue | Villager (Male) |
| 12:31 | Research | Double-Bit Axe |
| 12:31 | Research | Double-Bit Axe |
| 12:53 | Build | Watch Tower |
| 13:13 | Queue | Villager (Male) |
| 13:14 | Queue | Villager (Male) |
| 13:14 | Queue | Villager (Male) |
| 14:18 | Queue | Villager (Male) |
| 14:30 | Build | Market |
| 14:32 | Queue | Villager (Male) |
| 14:49 | Build | Watch Tower |
| 15:17 | Queue | Villager (Male) |
| 15:20 | Build | Blacksmith |
| 15:34 | Build | Farm |
| 15:46 | Queue | Villager (Male) |
| 16:15 | Build | Farm |
| 16:38 | Research | Castle Age |
| 16:38 | Research | Castle Age |
| 16:59 | Build | Farm |
| 17:02 | Build | Farm |
| 17:21 | Build | Barracks |
| 18:05 | Queue | Unit 2550 |
| 18:11 | Build | Watch Tower |
| 18:30 | Queue | Unit 2550 |
| 18:30 | Queue | Unit 2550 |
Build order — anmolmaly
68 actions detected in the replay
| 0:00 | Queue | Villager (Male) ×4 |
| 0:02 | Build | House |
| 0:05 | Build | House |
| 1:18 | Queue | Villager (Male) |
| 1:24 | Build | Lumber Camp |
| 1:46 | Queue | Villager (Male) |
| 2:09 | Queue | Villager (Male) |
| 2:10 | Queue | Villager (Male) |
| 2:52 | Queue | Villager (Male) |
| 2:53 | Queue | Villager (Male) |
| 2:56 | Build | House |
| 2:57 | Build | House |
| 2:58 | Build | House |
| 3:17 | Queue | Villager (Male) |
| 3:35 | Queue | Villager (Male) |
| 3:46 | Build | House |
| 4:03 | Queue | Villager (Male) |
| 4:22 | Build | Mill |
| 4:55 | Queue | Villager (Male) |
| 5:11 | Queue | Villager (Male) |
| 5:34 | Queue | Villager (Male) |
| 5:55 | Queue | Villager (Male) |
| 6:23 | Queue | Villager (Male) |
| 6:47 | Queue | Villager (Male) |
| 7:12 | Build | Mining Camp |
| 7:28 | Research | Feudal Age |
| 7:28 | Research | Feudal Age |
| 9:02 | Queue | Villager (Male) |
| 9:04 | Research | Loom |
| 9:41 | Age | Feudal Age |
| 9:50 | Build | Blacksmith |
| 9:56 | Build | Market |
| 10:04 | Build | Palisade Wall |
| 10:56 | Research | Castle Age |
| 10:57 | Research | Castle Age |
| 13:28 | Queue | Villager (Male) |
| 13:32 | Research | Double-Bit Axe |
| 13:36 | Age | Castle Age |
| 13:39 | Build | Town Center |
| 13:46 | Build | Siege Workshop |
| 14:20 | Queue | Villager (Male) |
| 14:25 | Build | Farm |
| 14:27 | Build | Farm |
| 14:33 | Queue | Mangonel |
| 14:35 | Queue | Villager (Male) |
| 15:01 | Queue | Scorpion |
| 15:02 | Queue | Villager (Male) |
| 15:10 | Queue | Villager (Male) |
| 15:28 | Queue | Villager (Male) |
| 15:32 | Build | Farm |
| 15:37 | Build | Farm |
| 15:39 | Queue | Villager (Male) |
| 15:40 | Queue | Villager (Male) |
| 15:59 | Queue | Villager (Male) |
| 16:07 | Queue | Mangonel |
| 16:17 | Build | Farm |
| 16:30 | Build | Farm |
| 16:49 | Queue | Villager (Male) |
| 16:59 | Build | Stone Wall |
| 17:17 | Build | Farm |
| 17:27 | Queue | Villager (Male) |
| 17:31 | Queue | Scorpion |
| 17:31 | Queue | Scorpion |
| 17:32 | Queue | Scorpion |
| 18:05 | Queue | Villager (Male) |
| 18:05 | Queue | Villager (Male) |
| 18:08 | Build | Farm |
| 18:09 | Build | Farm |
Match timeline
| 8:01 | MztK | FeNiX · age_up feudal |
| 9:41 | anmolmaly · age_up feudal |
| 10:04 | anmolmaly · wall_segment Palisade Wall x1 |
| 13:36 | anmolmaly · age_up castle |
| 13:46 | anmolmaly · first_building Siege Workshop |
| 16:06 | MztK | FeNiX · first_market_sell 100 stone |
| 16:08 | MztK | FeNiX · first_market_buy 100 food |
| 16:59 | anmolmaly · wall_segment Stone Wall x1 |
| 17:21 | MztK | FeNiX · first_building Barracks |
| 19:01 | MztK | FeNiX · resign |
[ AI ANALYSIS · 1 CREDIT ]
What really happened in this match?
Wolo.gg analyzes every decision: build order, eco, micro, common mistakes by bracket. Personalized analysis on WhatsApp or Discord in 30 seconds.
Civ guide
Mapuche
Perfil
Jugador #2326154